 Dungeon Crawl Stone Soup version 0.18-a0-809-g212a022 (webtiles) character file.

186 Eptagon the Insei (level 5, -1/36 HPs)
             Began as an Octopode Monk on Dec 15, 2015.
             Was a Follower of Cheibriados.
             Killed by the enmity of Fedhas Madash (37 damage)
             ... on level 3 of the Dungeon.
             The game lasted 00:06:35 (2926 turns).

Eptagon the Insei (Octopode Monk)                   Turns: 2926, Time: 00:06:35

Health: -1/36      AC:  1    Str: 12    XL:     5   Next: 66%
Magic:  5/5        EV: 13    Int: 14    God:    Cheibriados [*.....]
Gold:   154        SH:  4    Dex: 18    Spells: 0 memorised, 4 levels left

rFire  . . .     SeeInvis .       - Unarmed
rCold  + . .     Clarity  .     o - +0 buckler
rNeg   + . .     SustAt   .     (helmet restricted)
rPois  .         Gourm    .     (no amulet)
rElec  .         Spirit   .     l - ring of protection from cold
rCorr  .         Dismiss  .     s - ring of positive energy
rMut   .         Stasis   .     (no ring)
MR     .....                    (no ring)
Stlth  ++++......               (no ring)
                                (no ring)
                                (no ring)
                                (no ring)

@: very slow, not resistant to hostile enchantments, stealthy
A: almost no armour, amphibious, 8 rings, constrict 8, camouflage 1, gelatinous
body 1
a: Bend Time, Renounce Religion


You were on level 3 of the Dungeon.
You worshipped Cheibriados.
Cheibriados was aware of your devotion.
You were not hungry.

You visited 1 branch of the dungeon, and saw 3 of its levels.

You collected 154 gold pieces.

Inventory:

Hand Weapons
 a - a +0 blowgun
Missiles
 k - 3 curare-tipped needles
Armour
 o - a +0 buckler (worn)
Jewellery
 l - a ring of protection from cold (left tentacle)
 p - an uncursed ring of teleportation
 s - a ring of positive energy (right tentacle)
Scrolls
 d - a scroll of remove curse
 e - a scroll of recharging
 m - a scroll of noise {unknown}
 q - a scroll of enchant armour {unknown}
 x - a scroll of identify
Potions
 b - a potion of ambrosia {unknown}
 c - 2 potions of cancellation {unknown}
 g - a potion of flight {unknown}
 i - 3 potions of curing {unknown}
 j - 2 potions of brilliance {unknown}
 t - a potion of berserk rage {unknown}
 u - a potion of resistance {unknown}
 v - a potion of lignification {unknown}
 w - a potion of beneficial mutation {unknown}
Comestibles
 f - 2 meat rations
 h - 5 bread rations
 n - 2 beef jerkies
 r - 2 chunks of flesh


   Skills:
 - Level 3.0 Fighting
 - Level 3.0 Dodging
 - Level 2.6 Stealth
 + Level 6.7 Unarmed Combat


You had 4 spell levels left.
You didn't know any spells.

Dungeon Overview and Level Annotations

Branches:
Dungeon (3/15)

Altars:
Cheibriados
Dithmenos
Fedhas
Gozag
Ru


Innate Abilities, Weirdness & Mutations

You cannot wear most types of armour.
You are amphibious.
You can wear up to eight rings at the same time.
You can use your tentacles to constrict eight enemies at once.
Your skin changes colour to match your surroundings (Stealth).
Your rubbery body absorbs attacks (AC +1).


Message History

You constrict the jackal. The jackal closely misses you. The jackal bites you.
You tentacle-slap the jackal but do no damage.
The jackal is moderately wounded.
You constrict the jackal. You block the jackal's attack.
You tentacle-slap the jackal.
You kill the jackal!
Cheibriados thoroughly appreciates the change of pace.
You see here a jackal corpse.
You butcher the jackal corpse.
r - 3 chunks of flesh Eating one of 3 chunks of flesh.
This raw flesh tastes terrible.
You continue eating. x2
You now have 154 gold pieces (gained 8).
w - a smoky pink potion
x - a scroll of identify
There is a stone staircase leading down here.
Fedhas invokes the elements against you.
The air twists around and strikes you!
Ouch! That really hurt!
You die...

###############.#
................#
##############..# #..# ## #######
##.# .# #.....#####.#####.
.####.....#...........#
.#........#......########
.#..............@.......####
................#.###......#
................#.###......#
.#........[..##....##......#
....###......###...##......#
....###......# #...##......#
..........##.# ##...#......#
....#####.##.####...#......######
.....# #.#.........#...........#


There were no monsters in sight!

Vanquished Creatures
  An iguana (D:3)
  An orc wizard (D:3)
  6 adders
  5 worms
  3 giant geckos
  2 orcs (D:3)
  A ball python (D:1)
  7 hobgoblins
  3 jackals (D:3)
  6 bats
  5 giant cockroaches
  5 giant newts
  10 goblins
  7 kobolds
  A quokka (D:2)
  8 rats
71 creatures vanquished.

Notes
Turn   | Place    | Note
--------------------------------------------------------------
     0 | D:1      | Eptagon the Octopode Monk began the quest for the Orb.
     0 | D:1      | Reached XP level 1. HP: 16/16 MP: 1/1
   217 | D:1      | Reached XP level 2. HP: 10/21 MP: 2/2
   824 | D:1      | Reached XP level 3. HP: 19/26 MP: 3/3
   902 | D:1      | Reached skill level 5 in Unarmed Combat
  1172 | D:2      | Found a faded altar to an unknown god.
  1179 | D:2      | Became a worshipper of Fedhas Madash
  1179 | D:2      | Reached * piety under Fedhas
  1179 | D:2      | Reached ** piety under Fedhas
  1309 | D:2      | Reached XP level 4. HP: 28/31 MP: 4/4
  1807 | D:3      | Found a snail-covered altar of Cheibriados.
  1820 | D:3      | Fell from the grace of Fedhas
  1820 | D:3      | Became a worshipper of Cheibriados the Contemplative
  1846 | D:3      | Reached skill level 6 in Unarmed Combat
  1874 | D:3      | Found a shadowy altar of Dithmenos.
  2042 | D:3      | Found a sacrificial altar of Ru.
  2046 | D:3      | Found an opulent altar of Gozag.
  2429 | D:3      | Reached XP level 5. HP: 23/36 MP: 5/5
  2828 | D:3      | Reached * piety under Cheibriados
  2926 | D:3      | Killed by the enmity of Fedhas Madash

Vault maps used:
D:1:      dpeg_arrival_pits, grunt_decor_resistance, grunt_decor_fettered,
          minmay_box_of_dots
D:2:      first_bread, ecumenical_altar_1, minmay_hedge_maze,
          minmay_misc_feat_four_crosses
D:3:      nicolae_dithmenos_shadow_blocks, nicolae_overflow_crystal_walls,
          grunt_temple_overflow_open

Action                   |  1- 3 |  4- 6 || total
-------------------------+-------+-------++-------
Melee: Unarmed           |    75 |    82 ||   157
  Use: Scroll            |       |     5 ||     5
 Stab: Sleeping          |    12 |     7 ||    19
  Eat: Chunk             |     1 |     6 ||     7
